 Dungeon Crawl Stone Soup version 0.28.0-47-ge53b351184 (webtiles) character file.

Game seed: 7719770353313171884

354 bobregger the Ducker (level 6, -12/62 HPs)
             Began as an Ogre Berserker on May 3, 2022.
             Was a Believer of Trog.
             Mangled by an ogre
             ... wielding a +0 giant club
              (20 damage)
             ... on level 5 of the Dungeon.
             The game lasted 00:04:38 (5254 turns).

bobregger the Ducker (Ogre Berserker)               Turns: 5254, Time: 00:04:39

Health: -12/62     AC:  3    Str: 22    XL:     6   Next: 62%
Magic:  6/6        EV: 11    Int:  8    God:    Trog [**....]
Gold:   227        SH:  0    Dex: 10    Spells: 5/5 levels left

rFire   . . .      SeeInvis .   e - +2 mace (vorpal)
rCold   . . .      Faith    .   (no shield)
rNeg    . . .      Spirit   .   b - +0 animal skin
rPois   .          Reflect  .   (helmet restricted)
rElec   .          Harm     .   (no cloak)
rCorr   .          Rampage  .   (gloves unavailable)
Will    .....                   (boots unavailable)
Stlth   +.........              (no amulet)
HPRegen 0.20/turn               (no ring)
MPRegen 0.10/turn               (no ring)

@: no status effects
A: large, unfitting armour, tough skin 1
a: Renounce Religion, Berserk, Trog's Hand


You were on level 5 of the Dungeon.
You worshipped Trog.
Trog was pleased with you.
You visited 1 branch of the dungeon, and saw 5 of its levels.

You collected 227 gold pieces.

Inventory:

Hand Weapons
 e - a +2 vorpal mace (weapon)
Missiles
 d - a throwing net (quivered)
Armour
 b - a +0 animal skin (worn)
Jewellery
 l - a ring of resist corrosion
 m - an amulet of magic regeneration
 q - a ring of see invisible
Scrolls
 c - a scroll of amnesia {unknown}
 f - 5 scrolls of identify {unknown}
 g - a scroll of teleportation {unknown}
 h - a scroll of fog {unknown}
Potions
 a - a potion of invisibility {unknown}
 i - a potion of haste {unknown}
 j - 3 potions of heal wounds {unknown}
 k - a potion of mutation {unknown}
 n - a potion of curing {unknown}
 o - a potion of might {unknown}
 p - a potion of ambrosia {unknown}
 r - 2 potions of lignification {unknown}
 s - a potion of brilliance {unknown}


   Skills:
 - Level 4.0 Fighting
 - Level 2.6 Maces & Flails
 + Level 6.6 Dodging


You had 5 spell levels left.
You didn't know any spells.
Your spell library was empty.

Dungeon Overview and Level Annotations

Branches:
Dungeon (5/15)
 Temple: D:4-7

Altars:
Ru
Trog


Innate Abilities, Weirdness & Mutations

You are too large for most types of armour.
You have tough skin. (AC +1)


Message History

You barely miss the adder. The adder bites you. x2
You barely miss the adder. The adder bites you but does no damage.
You barely miss the adder. The adder closely misses you. The adder bites you.
You hit the adder.
The adder is heavily wounded.
The adder bites you. The adder barely misses you.
You hit the adder but do no damage.
The adder is heavily wounded.
The adder misses you.
You closely miss the adder.
The adder is heavily wounded.
The adder closely misses you. The adder bites you.
You closely miss the adder.
The adder is heavily wounded.
The adder bites you but does no damage. The adder barely misses you.
You hit the adder.
You kill the adder!
Trog accepts your kill.
You see here an adder corpse.
Found a leather armour.
s - a fizzy inky potion
j - 3 lumpy white potions (gained 1)
Found a stone staircase leading down.
There is a stone staircase leading down here.
There is a stone staircase leading down here.
You see here a +0 leather armour.
An ogre comes into view. It is wielding a +0 giant club.
The ogre shouts!
An ogre is nearby!
The ogre hits you with a +0 giant club!!
Ouch! That really hurt!
You hit the ogre.
The ogre is lightly wounded.
The ogre hits you with a +0 giant club!!
* * * LOW HITPOINT WARNING * * *
You hit the ogre.
The ogre is moderately wounded.
The ogre closely misses you.
The ogre hits you with a +0 giant club!!
You die...

######### ........#
#######.# # ##.## .
.# ######...##.# ##.
............# ..
#####<...#### .#
#####.#.##########.#
...........[....@..#
#####.#..########O.#
#####.#..##### #..#
.............# #....
########..##.#
##.### # #..##.# .#
# #..##.# .# #
#..##.#####.#
########..##.....#


You could see an ogre.

Vanquished Creatures
  A black bear (D:4)
  A centaur skeleton (D:5)
  A bullfrog skeleton (D:5)
  2 iguanas (D:5)
  A gnoll (D:1)
  4 adders
  A white imp (D:5)
  2 worms
  2 dart slugs
  An orc (D:5)
  7 ball pythons
  4 endoplasms
  A giant cockroach (D:3)
  7 goblins
  12 hobgoblins
  7 jackals
  7 quokkas
  7 bats
  6 frilled lizards
  7 kobolds
  5 rats
86 creatures vanquished.

Notes
Turn   | Place    | Note
-------+----------+-------------------------------------------
     0 | D:1      | bobregger the Ogre Berserker began the quest for the Orb.
     0 | D:1      | Reached XP level 1. HP: 24/24 MP: 1/1
   124 | D:1      | Noticed a shining eye
   132 | D:1      | Reached skill level 3 in Dodging
   139 | D:1      | Reached XP level 2. HP: 19/32 MP: 2/2
   143 | D:1      | Found a faded altar of an unknown god.
   145 | D:1      | Noticed a floating eye
   146 | D:1      | Noticed a great orb of eyes
   146 | D:1      | Noticed a floating eye
   977 | D:1      | Reached XP level 3. HP: 39/39 MP: 3/3
  1028 | D:1      | Reached skill level 4 in Dodging
  1532 | D:2      | Reached ** piety under Trog
  1832 | D:2      | Reached XP level 4. HP: 36/48 MP: 4/4
  2009 | D:2      | Identified the +3 spear "Pudgh" {spect, Dex+2}
  2718 | D:3      | You fall into a shaft and drop 2 floors!
  2718 | D:5      | Entered Level 5 of the Dungeon
  3272 | D:3      | Found a sacrificial altar of Ru.
  3425 | D:3      | Reached skill level 5 in Dodging
  3433 | D:3      | Reached XP level 5. HP: 52/54 MP: 5/5
  3833 | D:4      | Noticed a black bear
  3841 | D:4      | Killed a black bear
  4616 | D:5      | Reached skill level 6 in Dodging
  4616 | D:5      | Reached XP level 6. HP: 39/62 MP: 6/6
  4855 | D:5      | Found a bloodstained altar of Trog.
  5254 | D:5      | Mangled by an ogre

Illustrated notes

Levels and vault maps discovered:
D:1:      dpeg_arrival_orchard, layout_loops_ring,
          hellmonk_ecumenical_altar_watching_god, st_stairs_11
D:2:      layout_basic
D:3:      layout_loops_cross, nicolae_ru_the_path_less_chosen
D:4:      wander_river, layout_rooms
D:5:      layout_loops_ring, trog_book, st_stairs_1

Skill      XL: |  1  2  3  4  5 |
---------------+----------------+-----
Dodging        | 3 4 5 6 |  6.6
Fighting       | |  4.0
Maces & Flails | |  2.6

Action                   |  1- 3 |  4- 6 || total
-------------------------+-------+-------++-------
Melee: Mace              |   129 |   157 ||   286
       Punch             |     1 |     2 ||     3
Invok: Berserk           |     1 |     1 ||     2
Armor: Animal skin       |    47 |    54 ||   101
Dodge: Dodged            |    95 |    97 ||   192
